 Dungeon Crawl Stone Soup version 0.30-a0-711-gf4ac18a38d (webtiles) character file.

Game seed: 5111105311390414563

88 ASSMAN the Grave Robber (level 4, -4/33 HPs)
             Began as a Ghoul Necromancer on Jan 23, 2023.
             Was an Initiate of Ru.
             Slain by Terence
             ... wielding a +0 falchion
              (13 damage)
             ... on level 3 of the Dungeon.
             The game lasted 00:07:03 (2874 turns).

ASSMAN the Grave Robber (Ghoul Necromancer)         Turns: 2874, Time: 00:07:04

Health: -4/33      AC:  3    Str: 13    XL:     4   Next: 53%
Magic:  3/5        EV: 12    Int: 12    God:    Ru [......]
Gold:   50         SH:  5    Dex:  9    Spells: 5/6 levels left

rFire   . . .      SeeInvis .    p - +7 short sword of ASSMAN's Death {flame, rC+ Str+2}
rCold   + + .      Faith    .    (no shield)
rNeg    + + +      Spirit   .    q - +1 robe
rPois   ∞          Reflect  +    (no helmet)
rElec   .          Harm     .    (no cloak)
rCorr   .          Rampage  .    (no gloves)
Will    .....                    (no boots)
Stlth   ++                       g - amulet of reflection
HPRegen 0.00/turn                (no ring)
MPRegen 0.09/turn                (no ring)

@: inhibited regen
A: claws 1, cold resistance 1, negative energy resistance 3, inhibited
regeneration, torment resistance 2, devour on kill
a: Renounce Religion


You were on level 3 of the Dungeon.
You worshipped Ru.
Ru was noncommittal.
You visited 1 branch of the dungeon, and saw 3 of its levels.

You collected 138 gold pieces.
You spent 88 gold pieces at shops.

Inventory:

Hand Weapons
 p - the +7 short sword of ASSMAN's Death (weapon) {flame, rC+ Str+2}
   (You took it off a goblin on level 3 of the Dungeon)

   Str:       It affects your strength (+2).
   rC:        It protects you from cold.
Armour
 q - a +1 robe (worn)
Magical Staves
 c - a staff of death
Jewellery
 g - an amulet of reflection (around neck)
Scrolls
 a - a scroll of vulnerability {unknown}
 f - 2 scrolls of poison {unknown}
 i - 2 scrolls of amnesia {unknown}
 j - 4 scrolls of teleportation {unknown}
 k - 2 scrolls of immolation {unknown}
 m - a scroll of blinking {unknown}
 n - a scroll of identify {unknown}
 o - a scroll of enchant armour {unknown}
Potions
 b - a potion of magic
 d - 3 potions of heal wounds {unknown}
 e - 3 potions of brilliance {unknown}
 h - 2 potions of curing {unknown}
 l - 2 potions of berserk rage


   Skills:
 - Level 1.7 Dodging
 - Level 2.1 Stealth
 - Level 0.4 Unarmed Combat
 - Level 1.7 Spellcasting
 * Level 5.5 Necromancy
 + Level 1.1 Evocations


You had 5 spell levels left.
You knew the following spells:

 Your Spells              Type           Power      Damage    Failure   Level
a - Necrotise             Necr           56%        1d6       2%          1

Your spell library contained the following spells:

 Spells                   Type           Power      Damage    Failure   Level
 Vampiric Draining        Necr           14%        2d7       9%          3
 Cigotuvi's Dreadful Rot  Necr/Pois/Air  10%        N/A       21%         2
 Animate Dead             Necr           14%        N/A       28%         4
 Dispel Undead            Necr           14%        3d10      28%         4
 Agony                    Necr           14%        N/A       61%         5
 Death Channel            Necr           7%         N/A       99%         6


Dungeon Overview and Level Annotations

Branches:
Dungeon (3/15)

Altars:
Okawaru
Ru

Shops:
D:3 [

Annotations:
D:3 Terence


Innate Abilities, Weirdness & Mutations

You are immune to poison.
You have sharp fingernails.
Your flesh is cold resistant. (rC+)
You are immune to negative energy. (rN+++)
You do not regenerate when monsters are visible.
You are immune to unholy pain and torment.
You thrive by killing the living.


Message History

Aiming: Necrotise (safe; 2% risk of failure)
Press: ? - help, Shift-Dir - straight line, f/p - Terence
Aim: Terence, wielding a +0 falchion and wearing a +0 scale mail (berserk, chance to affect: 85%)
You feel a surge of power!
Terence writhes in agony.
An orc comes into view. It is wielding a +0 club.
An orc comes into view. It is wielding a +0 falchion.
The orc shouts!
Terence attacks as you move away! You block Terence's attack.
Casting: Necrotise (safe; 2% risk of failure)
Confirm with . or Enter, or press ? or * to list all spells.
Okay, then.
Casting: Necrotise (safe; 2% risk of failure)
Confirm with . or Enter, or press ? or * to list all spells.
Okay, then.
You feel stronger.
The +7 short sword of ASSMAN's Death {flame, rC+ Str+2} bursts into flame!
p - the +7 short sword of ASSMAN's Death (weapon)
{flame, rC+ Str+2} Terence hits you with a +0 falchion!
You hit Terence but do no damage.
Terence is moderately wounded.
You block Terence's attack.
A bat comes into view.
You hit Terence but do no damage.
Terence is moderately wounded.
Terence hits you with a +0 falchion. Terence barely misses you.
You closely miss Terence.
Terence is moderately wounded.
Terence hits you with a +0 falchion!
You hit Terence but do no damage.
Terence is lightly wounded.
Terence hits you with a +0 falchion. You block Terence's attack.
You hit Terence. You burn Terence.
Terence is heavily wounded.
Terence hits you with a +0 falchion.
* * * LOW HITPOINT WARNING * * *
The orc priest miscasts a cantrip.
You hit Terence but do no damage.
Terence is heavily wounded.
Terence hits you with a +0 falchion!
You die...

######.# #.## #.# #..#
#.# ##.## ##.## #..#
#...# ##.# #...# #.###
##...#####....
#########............#
#.bS@@.......#######.#
#.oo########.# #.#
#[o. #.##.### #.# #...
#..#...# #.# #...
##...#.#####.. ..oo
###.......... ....o
###.....##. ..oo♣.
#####.### #...)


You could see Terence (berserk), an orc priest, an adder, 2 orcs and a bat.

Vanquished Creatures
  An orc wizard (D:2)
  An adder (D:2)
  2 orcs (D:2)
  7 endoplasms
  2 giant cockroaches
  3 goblins
  4 hobgoblins
  5 kobolds
  10 ball pythons
  5 bats
  2 frilled lizards (D:2)
  10 rats
52 creatures vanquished.

Notes
Turn   | Place    | Note
-------+----------+-------------------------------------------
     0 | D:1      | ASSMAN the Ghoul Necromancer began the quest for the Orb.
     0 | D:1      | Reached XP level 1. HP: 14/14 MP: 2/2
   237 | D:1      | Reached XP level 2. HP: 20/20 MP: 3/3
   783 | D:1      | Reached XP level 3. HP: 26/26 MP: 1/4
  1355 | D:2      | Reached skill level 5 in Necromancy
  1603 | D:3      | Found an iron altar of Okawaru.
  1723 | D:2      | Reached XP level 4. HP: 21/33 MP: 0/5
  2393 | D:2      | Reached skill level 1 in Evocations
  2635 | D:3      | Identified the +7 short sword of ASSMAN's Death {flame, rC+
                  | Str+2}
  2667 | D:3      | Found a sacrificial altar of Ru.
  2672 | D:3      | Became a worshipper of Ru the Awakened
  2695 | D:3      | Found Qiunioq's Antique Armour Emporium.
  2717 | D:3      | Bought a glowing robe for 88 gold pieces
  2864 | D:3      | Noticed Terence
  2874 | D:3      | Slain by Terence

Illustrated notes

Levels and vault maps discovered:
D:1:      dpeg_arrival_three_same_balls, layout_basic, nrook_mini_backslash,
          feat_on_display
D:2:      layout_basic
D:3:      layout_rooms, amcnicky_altar_gilded, okawaru_ov_weapons_minmay,
          mainiacjoe_overflow_alcove_2, serial_shops, shop, grunt_ministairs_6,
          chequers_mini_garden, uniq_terence

Skill      XL: |  1  2  3  4 |
---------------+-------------+-----
Necromancy     | 5 |  5.5
Evocations     | 1 |  1.1
Dodging        | |  1.7
Stealth        | |  2.1
Unarmed Combat | |  0.4
Spellcasting   | |  1.7

Action                     |  1- 3 |  4- 6 || total
---------------------------+-------+-------++-------
  Melee: Staff             |    29 |       ||    29
         Unarmed           |     6 |       ||     6
         Short sword       |       |     6 ||     6
   Cast: Necrotise         |    60 |    25 ||    85
 Armour: Robe              |    14 |       ||    14
  Dodge: Dodged            |    29 |     5 ||    34
  Block: Other             |     1 |     4 ||     5

Table legend: (Time is in decaauts)
 A = Elapsed time spent in this place.
 B = Non-inter-level travel time spent in this place.
 C = Inter-level travel time spent in this place.
 D = Time resting spent in this place.
 E = Time spent auto-exploring this place.
 F = Levels seen in this place.
 G = Mean time per level.
                   A        B        C        D        E       F      G
               +--------+--------+--------+--------+--------+-----+--------+
         Total |   2878 |   2784 |     94 |     91 |   2360 |   3 |  959.3 |
       Dungeon |   2878 |   2784 |     94 |     91 |   2360 |   3 |  959.3 |
               +--------+--------+--------+--------+--------+-----+--------+

Top non-repeatable levels by time:
     D:1: 1348 daAuts
     D:2: 1063 daAuts
     D:3: 467 daAuts
